 Seeded DCSS version 0.30-a0-748-ge6a52f7cba (webtiles) character file.

Game seed: 20230209 (custom seed)

72 Orangeyouglad the Sneak (level 4, -1/27 HPs)
             Began as a Kobold Brigand on Feb 9, 2023.
             Splashed by a jelly's acid (8 damage)
             ... on level 3 of the Dungeon.
             The game lasted 00:04:22 (1891 turns).

Orangeyouglad the Sneak (Kobold Brigand)            Turns: 1891, Time: 00:04:22

Health: -1/27      AC: -13   Str:  8    XL:     4   Next: 48%
Magic:  4/4        EV: 15    Int: 12    God:
Gold:   125        SH:  0    Dex: 18    Spells: 3/3 levels left

rFire   . . .      SeeInvis .    a - +2 dagger
rCold   . . .      Faith    .    (no shield)
rNeg    . . .      Spirit   .    b - +0 robe
rPois   .          Reflect  .    (no helmet)
rElec   .          Harm     .    c - +0 cloak
rCorr   .          Rampage  .    (no gloves)
Will    .....                    (no boots)
Stlth   ++++                     (no amulet)
HPRegen 0.24/turn                (no ring)
MPRegen 0.09/turn                (no ring)

@: corroded
A: small, no large weapons, nightstalker 3
a: no special abilities


You were on level 3 of the Dungeon.
You visited 1 branch of the dungeon, and saw 3 of its levels.

You collected 125 gold pieces.

Inventory:

Hand Weapons
 a - a +2 dagger (weapon)
Missiles
 d - 5 poisoned darts (quivered)
 e - 2 curare-tipped darts
 y - 3 atropa-tipped darts
Armour
 b - a +0 robe (worn)
 c - a +0 cloak (worn)
Jewellery
 o - a ring of fire
 t - an amulet of guardian spirit
Wands
 A - a wand of quicksilver (1)
Scrolls
 f - a scroll of silence {unknown}
 g - a scroll of acquirement {unknown}
 h - a scroll of enchant armour {unknown}
 i - 2 scrolls of identify
 j - a scroll of blinking {unknown}
 k - 5 scrolls of amnesia
 n - a scroll of fog {unknown}
 q - 2 scrolls of teleportation {unknown}
 s - 2 scrolls of magic mapping
 u - a scroll of brand weapon {unknown}
 w - a scroll of immolation {unknown}
Potions
 l - a potion of degeneration {unknown}
 m - a potion of might {unknown}
 p - a potion of curing
 r - a potion of berserk rage {unknown}
 v - a potion of cancellation {unknown}
 x - a potion of flight {unknown}
 z - a potion of haste {unknown}
 B - 2 potions of ambrosia {unknown}


   Skills:
 + Level 2.9 Fighting
 + Level 3.5 Short Blades
 + Level 2.8 Throwing
 + Level 2.3 Dodging
 + Level 5.8 Stealth


You had 3 spell levels left.
You didn't know any spells.
Your spell library contained the following spells:

 Spells                   Type           Power      Damage    Failure   Level
 Magic Dart               Conj           0%         1d3       32%         1
 Blink                    Tloc           0%         N/A       45%         2
 Call Imp                 Summ           0%         N/A       45%         2
 Mephitic Cloud           Conj/Pois/Air  0%         N/A       69%         3
 Manifold Assault         Tloc           0%         N/A       97%         4
 Storm Form               Tmut/Air       0%         N/A       100%        7


Dungeon Overview and Level Annotations

Branches:
Dungeon (3/15)

Altars:
Qazlal
Yredelemnul


Innate Abilities, Weirdness & Mutations

You are small and have problems with some larger weapons.
You are completely attuned to the shadows.


Message History

d - 4 poisoned darts (gained 1)
d - 5 poisoned darts (gained 1)
p - 3 smoky brown potions (gained 2)
You see here a +0 leather armour.
Found a faded altar of an unknown god.
You pick up an Inescapable Atlas and begin reading...
You add the spells Blink, Manifold Assault and Storm Form to your library.
Found 2 purple potions.
There is a faded altar of an unknown god here.
This altar belongs to (a) Sif Muna, (b) Trog or (c) Gozag, but you can't tell which.
Press the corresponding letter to learn more about a god, or press enter to convert or escape to cancel.
Okay, then.
B - 2 purple potions
Found a pair of gloves.
A jelly comes into view.
The jelly quivers.
The jelly jiggles.
You hit the jelly.
Your hands burn!
The jelly is lightly wounded.
The jelly hits you.
You are splashed with acid.
You hit the jelly. The acid corrodes you!
Your hands burn!
The jelly is moderately wounded.
The jelly hits you. The acid corrodes you!
You are splashed with acid!
* * * LOW HITPOINT WARNING * * *
The jelly attacks as you move away! The jelly misses you.
Okay, then.
Okay, then.
Okay, then.
It was a potion of curing.
You feel better. The jelly hits you. The acid corrodes you!
You are splashed with acid!
* * * LOW HITPOINT WARNING * * *
You feel better. The jelly misses you.
As you read the scroll labelled TIUPPOAL ZIGG, it crumbles to dust.
You feel aware of your surroundings.
It was a scroll of magic mapping.
The jelly completely misses you.
As you read the scroll labelled LENODUBUSO, it crumbles to dust.
It is a scroll of identify.
k - 5 scrolls of amnesia The jelly hits you.
* * * LOW HITPOINT WARNING * * *
The acid corrodes you!
You are splashed with acid!
You die...

##.._..#**,,,,**#..#....
##...⌠...#*,**** #.##.#..
##...###...*** ##.##.#..
###...## *#..,** #..##....
#....#######...###*#.#......
#....##.##.#...........##...
###.......##.#................
#....#######.##.........#.....
#.#..........@J...........##.[
#...#########....[..,,,.##*#..
##### ###.....,<,,* ###
#.....,,,,* #.....,,,,*
*,,,,,,,,,* *,,,,,,,,,*
*,,,,,,,,,* *,,,,,,,,,*


You could see a jelly.

Vanquished Creatures
  Terence (D:3)
  An adder (D:3)
  3 adder zombies (D:3)
  3 endoplasms
  A giant cockroach (D:1)
  A goblin (D:1)
  4 hobgoblins
  2 quokkas
  3 ball pythons
  A bat (D:1)
  A frilled lizard (D:2)
  5 kobolds
  2 rats
28 creatures vanquished.

Notes
Turn   | Place    | Note
-------+----------+-------------------------------------------
     0 | D:1      | Orangeyouglad the Kobold Brigand began the quest for the
                  | Orb.
     0 | D:1      | Reached XP level 1. HP: 12/12 MP: 1/1
   228 | D:1      | Reached XP level 2. HP: 18/18 MP: 2/2
  1411 | D:3      | Reached XP level 3. HP: 22/22 MP: 3/3
  1479 | D:3      | Found a basalt altar of Yredelemnul.
  1542 | D:3      | Found a stormy altar of Qazlal.
  1731 | D:3      | Noticed Terence
  1741 | D:3      | Killed Terence
  1742 | D:3      | Reached XP level 4. HP: 27/27 MP: 4/4
  1839 | D:3      | Found a faded altar of an unknown god.
  1888 | D:3      | HP: 1/27 [acid (10)]
  1891 | D:3      | Splashed by a jelly's acid

Illustrated notes

Levels and vault maps discovered:
D:1:      wheals_arrival_linesprint, layout_loops_ring
D:2:      layout_rooms
D:3:      layout_rooms, nicolae_yredelemnul_corpse_copse,
          nicolae_qazlal_general_emergency,
          hellmonk_ecumenical_altar_crossroads, uniq_terence

Skill      XL: |  1  2  3 |
---------------+----------+-----
Short Blades   | 3 |  3.5
Dodging        | 2 |  2.3
Fighting       | |  2.9
Throwing       | |  2.8
Stealth        | |  5.8

Action                     |  1- 3 |  4- 6 || total
---------------------------+-------+-------++-------
  Melee: Dagger            |    62 |     5 ||    67
         Punch             |     2 |       ||     2
  Throw: Dart              |    38 |     5 ||    43
    Use: Scroll            |       |     2 ||     2
         Potion            |       |     2 ||     2
   Stab: Sleeping          |     4 |       ||     4
 Armour: Robe              |     9 |     1 ||    10
  Dodge: Dodged            |    27 |     6 ||    33

Table legend: (Time is in decaauts)
 A = Elapsed time spent in this place.
 B = Non-inter-level travel time spent in this place.
 C = Inter-level travel time spent in this place.
 D = Time resting spent in this place.
 E = Time spent auto-exploring this place.
 F = Levels seen in this place.
 G = Mean time per level.
                   A        B        C        D        E       F      G
               +--------+--------+--------+--------+--------+-----+--------+
         Total |   1874 |   1762 |    112 |     14 |   1327 |   3 |  624.7 |
       Dungeon |   1874 |   1762 |    112 |     14 |   1327 |   3 |  624.7 |
               +--------+--------+--------+--------+--------+-----+--------+

Top non-repeatable levels by time:
     D:1: 925 daAuts
     D:3: 475 daAuts
     D:2: 472 daAuts
